UAA
ATLANTIC CITY SONICS @ HUNTINGTON BEACH SURF
07/11/2017
 
TOP OF THE 1ST
Atlantic City Sonics batting - Pitching for Huntington Beach Surf : RHP Orlando Miranda
Pitching: RHP Orlando Miranda
Batting: RHB Chris Foreman 0-0: Fly out, F8 (Flyball, 8RM)
Batting: RHB Jason Duncan 0-0: Ball
1-0: Called Strike
1-1: SINGLE (Line Drive, 9LS)
Batting: LHB Francisco Ortega 0-0: Swinging Strike
0-1: Swinging Strike
0-2: Grounds out, U3 (Groundball, 3L)
Batting: RHB Russell Jackson 0-0: Called Strike
0-1: Called Strike
0-2: Ball
1-2: Ball
2-2: Strikes out swinging
Top of the 1st over - 0 run(s), 1 hit(s), 0 error(s), 1 left on base; Atlantic City 0 - Huntington Beach 0
BOTTOM OF THE 1ST
Huntington Beach Surf batting - Pitching for Atlantic City Sonics : RHP Ramón Leyva
Pitching: RHP Ramón Leyva
Batting: RHB Warner Robinson 0-0: Ball
1-0: SINGLE (Line Drive, 34)
Batting: RHB Bernardo Herrera 0-0: Fly out, F8 (Flyball, 8LM)
Batting: LHB Bartolo Benítez 0-0: Ball
1-0: Ground out 4-3 (Groundball, 13)
Warner Robinson to second
Batting: RHB Pedro Morales 0-0: Called Strike
0-1: Swinging Strike
0-2: Ball
1-2: Ball
2-2: Ball
3-2: Strikes out looking
Bottom of the 1st over - 0 run(s), 1 hit(s), 0 error(s), 1 left on base; Atlantic City 0 - Huntington Beach 0
TOP OF THE 2ND
Atlantic City Sonics batting - Pitching for Huntington Beach Surf : RHP Orlando Miranda
Batting: RHB Jesús Rodríguez 0-0: SINGLE (Flyball, 4D)
Batting: SHB David Snyder 0-0: Called Strike
0-1: Fly out, F8 (Flyball, 8LS)
Batting: RHB Toby Hopper 0-0: Called Strike
0-1: Foul Ball, location: 2F
0-2: Ball
1-2: Fly out, F7 (Line Drive, 7LS)
Batting: RHB Michael Bucknell 0-0: Foul Ball, location: 2F
0-1: Ball
1-1: Fly out, F5 (Popup, 25)
Top of the 2nd over - 0 run(s), 1 hit(s), 0 error(s), 1 left on base; Atlantic City 0 - Huntington Beach 0
BOTTOM OF THE 2ND
Huntington Beach Surf batting - Pitching for Atlantic City Sonics : RHP Ramón Leyva
Batting: RHB Enrique Marroquín 0-0: Ball
1-0: Called Strike
1-1: Ball
2-1: Ball
3-1: Called Strike
3-2: Strikes out swinging
Batting: LHB Tony Martínez 0-0: Ball
1-0: Ball
2-0: Fly out, F7 (Flyball, 7M)
Batting: RHB Dave Young 0-0: Ball
1-0: Called Strike
1-1: Called Strike
1-2: Foul Ball, location: 2F
1-2: Foul Ball, location: 2F
1-2: Strikes out swinging
Bottom of the 2nd over - 0 run(s), 0 hit(s), 0 error(s), 0 left on base; Atlantic City 0 - Huntington Beach 0
TOP OF THE 3RD
Atlantic City Sonics batting - Pitching for Huntington Beach Surf : RHP Orlando Miranda
Batting: RHB Luis Garza 0-0: Foul Ball, location: 2F
0-1: Ball
1-1: Ground out 6-3 (Groundball, 6S)
Batting: RHB Chris Foreman 0-0: Ball
1-0: Foul Ball, location: 2F
1-1: Ball
2-1: Foul Ball, location: 2F
2-2: Fly out, F8 (Popup, 8RS)
Batting: RHB Jason Duncan 0-0: SINGLE (Flyball, 89S)
Pitching: RHP Jim Unknown
Batting: LHB Francisco Ortega 0-0: Called Strike
0-1: Foul Ball, location: 2F
0-2: Foul Ball, location: 2F
0-2: Ball
1-2: Ball
2-2: Ball
3-2: Ground out 4-3 (Groundball, 4)
Top of the 3rd over - 0 run(s), 1 hit(s), 0 error(s), 1 left on base; Atlantic City 0 - Huntington Beach 0
BOTTOM OF THE 3RD
Huntington Beach Surf batting - Pitching for Atlantic City Sonics : RHP Ramón Leyva
Batting: RHB Juan García 0-0: Ball
1-0: Swinging Strike
1-1: Ball
2-1: Foul Ball, location: 2F
2-2: Foul Ball, location: 2F
2-2: Strikes out swinging
Batting: RHB Jim Unknown 0-0: Called Strike
0-1: Foul Ball, location: 2F
0-2: Ball
1-2: Strikes out looking
Batting: RHB Warner Robinson 0-0: Ball
1-0: Ball
2-0: Fly out, F9 (Flyball, 89M)
Bottom of the 3rd over - 0 run(s), 0 hit(s), 0 error(s), 0 left on base; Atlantic City 0 - Huntington Beach 0
TOP OF THE 4TH
Atlantic City Sonics batting - Pitching for Huntington Beach Surf : RHP Jim Unknown
Batting: RHB Russell Jackson 0-0: Fly out, F3 (Popup, 3DF)
Batting: RHB Jesús Rodríguez 0-0: Ball
1-0: Called Strike
1-1: Swinging Strike
1-2: Strikes out swinging
Batting: SHB David Snyder 0-0: Called Strike
0-1: Called Strike
0-2: Ball
1-2: Ball
2-2: Foul Ball, location: 2F
2-2: Ball
3-2: Foul Ball, location: 2F
3-2: Strikes out swinging
Top of the 4th over - 0 run(s), 0 hit(s), 0 error(s), 0 left on base; Atlantic City 0 - Huntington Beach 0
BOTTOM OF THE 4TH
Huntington Beach Surf batting - Pitching for Atlantic City Sonics : RHP Ramón Leyva
Batting: RHB Bernardo Herrera 0-0: Called Strike
0-1: Ball
1-1: Ball
2-1: Ball
3-1: Foul Ball, location: 2F
3-2: Foul Ball, location: 2F
3-2: Strikes out swinging
Batting: LHB Bartolo Benítez 0-0: Called Strike
0-1: SOLO HOME RUN (Flyball, 7LD), Distance : 374 ft
Batting: RHB Pedro Morales 0-0: Ball
1-0: Ball
2-0: Swinging Strike
2-1: Foul Ball, location: 2F
2-2: Foul Ball, location: 2F
2-2: Strikes out swinging
Batting: RHB Enrique Marroquín 0-0: Ball
1-0: Ball
2-0: Ball
3-0: Base on Balls
Batting: LHB Tony Martínez 0-0: Ball
1-0: Foul Ball, location: 2F
1-1: SINGLE (Line Drive, 34D)
Enrique Marroquín to second
Runner from 2nd tries for 3rd, SAFE, no throw or cutoff
Batting: RHB Dave Young 0-0: Ball
1-0: Ball
2-0: Called Strike
2-1: SINGLE (Line Drive, 8LS)
Enrique Marroquín scores
Tony Martínez to second
Batting: RHB Juan García 0-0: Called Strike
0-1: Ball
1-1: Swinging Strike
1-2: Ball
2-2: Strikes out swinging
Bottom of the 4th over - 2 run(s), 3 hit(s), 0 error(s), 2 left on base; Atlantic City 0 - Huntington Beach 2
TOP OF THE 5TH
Atlantic City Sonics batting - Pitching for Huntington Beach Surf : RHP Jim Unknown
Batting: RHB Toby Hopper 0-0: Ball
1-0: Ball
2-0: Called Strike
2-1: Ball
3-1: Base on Balls
Batting: RHB Michael Bucknell 0-0: Called Strike
0-1: Ball
1-1: Called Strike
1-2: Strikes out looking
Batting: RHB Luis Garza 0-0: Ball
1-0: Called Strike
1-1: Ball
2-1: Swinging Strike
2-2: Strikes out looking
Batting: RHB Chris Foreman 0-0: Called Strike
0-1: Ball
1-1: Swinging Strike
1-2: Ball
2-2: Foul Ball, location: 2F
2-2: Foul Ball, location: 2F
2-2: Foul Ball, location: 2F
2-2: Foul Ball, location: 2F
2-2: Fly out, F7 (Flyball, 78S)
Top of the 5th over - 0 run(s), 0 hit(s), 0 error(s), 1 left on base; Atlantic City 0 - Huntington Beach 2
BOTTOM OF THE 5TH
Huntington Beach Surf batting - Pitching for Atlantic City Sonics : RHP Ramón Leyva
Batting: RHB Jim Unknown 0-0: SOLO HOME RUN (Flyball, 7D), Distance : 397 ft
Batting: RHB Warner Robinson 0-0: Swinging Strike
0-1: SINGLE (Line Drive, 56D)
Batting: RHB Bernardo Herrera 0-0: Bunt missed!
0-1: Called Strike
Warner Robinson steals 2nd base
0-2: Ball
1-2: Strikes out looking
Batting: LHB Bartolo Benítez 0-0: Ball
1-0: Called Strike
1-1: Ball
2-1: Ball
3-1: Swinging Strike
3-2: SINGLE (Groundball, 56D)
Warner Robinson to third
Runner from 3rd tries for Home, SAFE, no throw or cutoff
Batting: RHB Pedro Morales 0-0: Called Strike
0-1: Fly out, F5 (Popup, 5F)
Batting: RHB Enrique Marroquín 0-0: Hit by Pitch
Bartolo Benítez to second
Batting: LHB Tony Martínez 0-0: Ball
1-0: Foul Ball, location: 2F
1-1: Swinging Strike
1-2: Strikes out swinging wild pitch, reaches first!
Bartolo Benítez to third
Enrique Marroquín to second
Batting: RHB Dave Young 0-0: Foul Ball, location: 2F
0-1: Ball
1-1: Called Strike
1-2: Ball
2-2: Strikes out swinging
Bottom of the 5th over - 2 run(s), 3 hit(s), 0 error(s), 3 left on base; Atlantic City 0 - Huntington Beach 4
TOP OF THE 6TH
Atlantic City Sonics batting - Pitching for Huntington Beach Surf : RHP Jim Unknown
Batting: RHB Jason Duncan 0-0: Swinging Strike
0-1: Foul Ball, location: 2F
0-2: Ball
1-2: Foul Ball, location: 2F
1-2: Strikes out swinging
Batting: LHB Francisco Ortega 0-0: Foul Ball, location: 2F
0-1: Ball
1-1: SINGLE (Groundball, 34)
Batting: RHB Russell Jackson 0-0: Called Strike
0-1: Ball
1-1: Swinging Strike
1-2: Strikes out looking
Batting: RHB Jesús Rodríguez 0-0: Ball
Francisco Ortega is caught stealing 2nd base
Top of the 6th over - 0 run(s), 1 hit(s), 0 error(s), 0 left on base; Atlantic City 0 - Huntington Beach 4
BOTTOM OF THE 6TH
Huntington Beach Surf batting - Pitching for Atlantic City Sonics : RHP Ramón Leyva
Batting: RHB Juan García 0-0: Swinging Strike
0-1: Ball
1-1: Called Strike
1-2: Ball
2-2: SINGLE (Groundball, 6M) (infield hit)
Pitching: RHP José Carlos Hernández
Batting: RHB Jim Unknown 0-0: Swinging Strike
0-1: Ball
1-1: Foul Ball, location: 2F
1-2: Foul Ball, location: 2F
1-2: Ball
2-2: Strikes out looking
Batting: RHB Warner Robinson 0-0: Ball
1-0: Fly out, F8 (Flyball, 8RM)
Batting: RHB Bernardo Herrera 0-0: Called Strike
0-1: Ball
1-1: Foul Ball, location: 2F
1-2: Ball
2-2: Strikes out swinging
Bottom of the 6th over - 0 run(s), 1 hit(s), 0 error(s), 1 left on base; Atlantic City 0 - Huntington Beach 4
TOP OF THE 7TH
Atlantic City Sonics batting - Pitching for Huntington Beach Surf : RHP Jim Unknown
Pitching: RHP Anthony Snyder
Batting: RHB Jesús Rodríguez 0-0: Called Strike
0-1: DOUBLE (Line Drive, 8RM)
Batting: SHB David Snyder 0-0: Called Strike
0-1: Fly out, F8 (Flyball, 8RM)
Runner from 2nd tags up, OUT at 3rd
Batting: RHB Toby Hopper 0-0: Swinging Strike
0-1: Ball
1-1: Foul Ball, location: 2F
1-2: Strikes out swinging
Top of the 7th over - 0 run(s), 1 hit(s), 0 error(s), 0 left on base; Atlantic City 0 - Huntington Beach 4
BOTTOM OF THE 7TH
Huntington Beach Surf batting - Pitching for Atlantic City Sonics : RHP José Carlos Hernández
Batting: LHB Bartolo Benítez 0-0: Swinging Strike
0-1: Ground out 5-3 (Groundball, 5S)
Batting: RHB Pedro Morales 0-0: Called Strike
0-1: Ball
1-1: Swinging Strike
1-2: Foul Ball, location: 2F
1-2: SINGLE (Flyball, 9LM)
Batting: RHB Enrique Marroquín 0-0: Ball
1-0: Called Strike
Pedro Morales steals 2nd base
1-1: Ball
2-1: Ball
3-1: Called Strike
3-2: Fly out, F4 (Popup, 34)
Batting: LHB Tony Martínez 0-0: Fly out, F7 (Flyball, 7S)
Bottom of the 7th over - 0 run(s), 1 hit(s), 0 error(s), 1 left on base; Atlantic City 0 - Huntington Beach 4
TOP OF THE 8TH
Atlantic City Sonics batting - Pitching for Huntington Beach Surf : RHP Anthony Snyder
Batting: RHB Michael Bucknell 0-0: Ball
1-0: Ball
2-0: Ground out 5-3 (Groundball, 56)
Batting: RHB Luis Garza 0-0: Ball
1-0: Called Strike
1-1: Ball
2-1: Ground out 4-3 (Groundball, 4)
Batting: RHB Chris Foreman 0-0: Ball
1-0: Ball
2-0: Ball
3-0: Called Strike
3-1: Called Strike
3-2: DOUBLE (Groundball, 5D)
Batting: RHB Jason Duncan 0-0: Swinging Strike
0-1: Ball
1-1: Fly out, F2 (Popup, 2RF)
Top of the 8th over - 0 run(s), 1 hit(s), 0 error(s), 1 left on base; Atlantic City 0 - Huntington Beach 4
BOTTOM OF THE 8TH
Huntington Beach Surf batting - Pitching for Atlantic City Sonics : RHP José Carlos Hernández
Pitching: LHP Curt Baker
Batting: RHB Dave Young 0-0: Ball
1-0: Foul Ball, location: 2F
1-1: Foul Ball, location: 2F
1-2: Ground out 5-3 (Groundball, 56)
Batting: RHB Juan García 0-0: Ball
1-0: Ball
2-0: Called Strike
2-1: Swinging Strike
2-2: Ball
3-2: Base on Balls
Batting: RHB Jim Unknown 0-0: Grounds into double play, 4-6-3 (Groundball, 4)
Bottom of the 8th over - 0 run(s), 0 hit(s), 0 error(s), 0 left on base; Atlantic City 0 - Huntington Beach 4
TOP OF THE 9TH
Atlantic City Sonics batting - Pitching for Huntington Beach Surf : RHP Anthony Snyder
Pitching: LHP Jim Unknown
Batting: LHB Francisco Ortega 0-0: Ball
1-0: Foul Ball, location: 2F
1-1: Ground out 5-3 (Groundball, 15S)
Batting: RHB Russell Jackson 0-0: Ground out 6-3 (Groundball, 6)
Batting: RHB Jesús Rodríguez 0-0: Called Strike
0-1: Foul Ball, location: 2F
0-2: Strikes out swinging
Top of the 9th over - 0 run(s), 0 hit(s), 0 error(s), 0 left on base; Atlantic City 0 - Huntington Beach 4
This league is powered by Out of the Park Baseball, the baseball management simulation game for PC, Mac and Linux
Saturday, February 27th, 2021 - OOTP Baseball 15.6 Build 34